 Dungeon Crawl Stone Soup version 0.24.0-123-gd5b16e6ec5 (webtiles) character file.

Game seed: 16881322681115034002, levelgen mode: deterministic

657328 DavidChitty2 the Conqueror (level 27, -17/218 HPs)
             Began as a Minotaur Fighter on Jan 8, 2020.
             Was the Champion of Okawaru.
             Killed from afar by an ancient lich (42 damage)
             ... with a lance of force
             ... on level 5 of the Realm of Zot on Jan 14, 2020.
             The game lasted 02:05:59 (61349 turns).

DavidChitty2 the Conqueror (Minotaur Fighter)      Turns: 61349, Time: 02:06:00

Health: -17/218    AC: 39    Str: 30    XL:     27
Magic:  0/26       EV: 18    Int: 10    God:    Okawaru [******]
Gold:   2572       SH: 27    Dex: 13    Spells: 26/26 levels left

rFire    + . .     SeeInvis +   a - +9 broad axe (elec)
rCold    + + +     Gourm    .   z - +0 large shield of Responsibility {rC+ rN+}
rNeg     + + .     Faith    .   N - +8 gold dragon scales
rPois    +         Spirit   +   g - +0 hat "Ipsosejoze" {+Inv rPois rC++ Int-3}
rElec    +         Reflect  .   p - +0 cloak "Jegianol" {MR++ rCorr}
rCorr    +         Harm     .   l - +2 pair of gloves "Madoistromo" {Int+7}
MR       +++++                  J - +0 pair of boots "Demiapez" {rN+ MR+ Regen+} (curse)
Stlth    ..........             Z - amulet of guardian spirit
HPRegen  0.86/turn              o - ring "Vun Neaz" {rC+ MR+ SInv}
MPRegen  0.20/turn              Q - ring "Tuilaps" {Fire +Inv rElec}

@: marked, fire vulnerable
A: retaliatory headbutt, horns 2, slimy green scales 1, deformed body, frail 2,
low mp 1, no potion heal 1
}: 3/15 runes: decaying, serpentine, silver
a: Heroism, Finesse, Renounce Religion, Evoke Invisibility


You were on level 5 of the Realm of Zot.
You worshipped Okawaru.
Okawaru was exalted by your worship.
You were very full.

You visited 10 branches of the dungeon, and saw 50 of its levels.
You also visited: Sewer.

You collected 7426 gold pieces.
You spent 4854 gold pieces at shops.

Inventory:

Hand Weapons
 a - a +9 broad axe of electrocution (weapon)
   (Okawaru gifted it to you on level 2 of the Snake Pit)
Missiles
 A - 5 throwing nets (quivered) {!f}
Armour
 g - the +0 hat "Ipsosejoze" (worn) {+Inv rPois rC++ Int-3}
   (Okawaru gifted it to you on level 3 of the Vaults)

   It affects your intelligence (-3).
   It greatly protects you from cold.
   It protects you from poison.
   It lets you turn invisible.
 l - the +2 pair of gloves "Madoistromo" (worn) {Int+7}
   (You found it on level 3 of the Elven Halls)

   It affects your intelligence (+7).
 p - the +0 cloak "Jegianol" (worn) {MR++ rCorr}
   (Okawaru gifted it to you on level 5 of the Depths)

   It affects your resistance to hostile enchantments.
   It provides partial protection from all sources of acid and corrosion.
 q - a +2 cloak of magic resistance
   (You took it off a draconian knight on level 4 of the Realm of Zot)
 z - the +0 large shield of Responsibility (worn) {rC+ rN+}
   (Okawaru gifted it to you on level 4 of the Vaults)

   It protects you from cold.
   It protects you from negative energy.
 J - the cursed +0 pair of boots "Demiapez" (worn) {rN+ MR+ Regen+}
   (You found it on level 2 of the Realm of Zot)

   It protects you from negative energy.
   It affects your resistance to hostile enchantments.
   It increases your rate of regeneration.
   It has a curse placed upon it.
 N - +8 gold dragon scales (worn)
   (You found it on level 5 of the Vaults)
Jewellery
 i - an uncursed ring of protection from fire
   (You found it on level 2 of the Swamp)
 o - the ring "Vun Neaz" (left hand) {rC+ MR+ SInv}
   (You took it off a deep elf mage on level 3 of the Elven Halls)

   [ring of protection from cold]

   It protects you from cold.
   It affects your resistance to hostile enchantments.
   It lets you see invisible.
 B - an uncursed ring of protection from magic
   (You found it on level 5 of the Dungeon)
 Q - the ring "Tuilaps" (right hand) {Fire +Inv rElec}
   (You found it on level 5 of the Vaults)

   [ring of fire]

   It enhances your fire magic.
   It protects you from fire.
   It makes you vulnerable to cold.
   It insulates you from electricity.
   It lets you turn invisible.
 W - an uncursed ring of resist corrosion
   (You found it on level 4 of the Swamp)
 Z - an amulet of guardian spirit (around neck)
   (You found it on level 2 of the Vaults)
Wands
 c - a wand of disintegration (97)
   (You found it in a sewer)
 d - a wand of iceblast (42)
   (You found it on level 6 of the Dungeon)
 k - a wand of clouds (12)
   (You found it on level 2 of the Lair of Beasts)
 t - a wand of flame (82)
   (You found it on level 1 of the Lair of Beasts)
 u - a wand of paralysis (24)
   (You took it off Erolcha on level 11 of the Dungeon)
 v - a wand of digging (22)
   (You found it on level 10 of the Dungeon)
 x - a wand of acid (12)
   (You found it on level 15 of the Dungeon)
 G - a wand of scattershot (3)
   (You took it off an ogre mage on level 5 of the Vaults)
 R - a wand of enslavement (18)
   (You found it on level 1 of the Vaults)
Scrolls
 h - 35 scrolls of identify {@r1}
 m - 20 scrolls of remove curse {@r2}
 r - 9 scrolls of magic mapping
 y - 12 scrolls of blinking
 H - 21 scrolls of teleportation {@r4}
 I - 2 scrolls of vulnerability {!r}
 K - a scroll of silence
 O - 2 scrolls of summoning
 P - 8 scrolls of immolation {!r}
 S - 4 scrolls of fear
 X - 4 scrolls of fog
Potions
 f - 16 potions of lignification {!q}
 j - 5 potions of ambrosia
 n - 6 potions of haste {@q3}
 s - 13 potions of curing {@q1}
 C - 14 potions of might
 D - 5 potions of resistance
 F - 4 potions of magic
 L - 6 potions of invisibility
 M - 3 potions of mutation {!q}
 T - a potion of agility
 V - 6 potions of cancellation
Miscellaneous
 U - 3 phantom mirrors
Comestibles
 e - 81 rations {!d}


   Skills:
 O Level 27 Fighting
 - Level 18.0 Axes
 O Level 27 Armour
 + Level 22.1 Dodging
 - Level 25.0 Shields
 - Level 8.0 Invocations
 - Level 10.0 Evocations


You had 26 spell levels left.
You didn't know any spells.
Your spell library contained the following spells:

 Spells                   Type           Power        Failure   Level  Hunger
 Animate Skeleton         Necr           N/A          89%         1    ##.....
 Apportation              Tloc           #.....       89%         1    ##.....
 Beastly Appendage        Tmut           #.....       89%         1    ##.....
 Confusing Touch          Hex            #.....       89%         1    ##.....
 Corona                   Hex            #......      89%         1    ##.....
 Flame Tongue             Conj/Fire      #....        89%         1    ##.....
 Infusion                 Chrm           #...         89%         1    ##.....
 Magic Dart               Conj           #...         89%         1    ##.....
 Sandblast                Erth           #.....       89%         1    ##.....
 Shock                    Conj/Air       #...         89%         1    ##.....
 Sting                    Conj/Pois      #...         89%         1    ##.....
 Summon Butterflies       Summ           #.......     89%         1    ##.....
 Summon Small Mammal      Summ           #...         89%         1    ##.....
 Blink                    Tloc           N/A          96%         2    ###....
 Call Imp                 Summ           #.......     96%         2    ###....
 Corpse Rot               Necr           N/A          96%         2    ###....
 Ensorcelled Hibernation  Hex/Ice        #.....       96%         2    ###....
 Passwall                 Tmut/Erth      #.......     96%         2    ###....
 Poisonous Vapours        Pois/Air       #.....       96%         2    ###....
 Searing Ray              Conj           #.....       96%         2    ###....
 Shroud of Golubria       Chrm/Tloc      #.....       96%         2    ###....
 Slow                     Hex            #.......     96%         2    ###....
 Song of Slaying          Chrm           #.......     96%         2    ###....
 Sticks to Snakes         Tmut           #.......     96%         2    ###....
 Swiftness                Chrm/Air       #.......     96%         2    ###....
 Throw Flame              Conj/Fire      #.....       96%         2    ###....
 Call Canine Familiar     Summ           #.......     99%         3    ####...
 Confuse                  Hex            #.......     99%         3    ####...
 Conjure Flame            Conj/Fire      #.......     99%         3    ####...
 Dazzling Spray           Conj/Hex       #.....       99%         3    ####...
 Gell's Gravitas          Tloc           #.........   99%         3    ####...
 Ignite Poison            Fire/Tmut/Pois #.......     99%         3    ####...
 Inner Flame              Hex/Fire       #.......     99%         3    ####...
 Mephitic Cloud           Conj/Pois/Air  #.......     99%         3    ####...
 Portal Projectile        Hex/Tloc       #.....       99%         3    ####...
 Regeneration             Chrm/Necr      #.........   99%         3    ####...
 Spectral Weapon          Hex/Chrm       #.......     99%         3    ####...
 Spider Form              Tmut/Pois      #.........   99%         3    ####...
 Static Discharge         Conj/Air       #.......     99%         3    ####...
 Stone Arrow              Conj/Erth      #.....       99%         3    ####...
 Summon Guardian Golem    Hex/Summ       #.......     99%         3    ####...
 Tukima's Dance           Hex            #.......     99%         3    ####...
 Airstrike                Air            #.........   100%        4    #####..
 Cause Fear               Hex            #.........   100%        4    #####..
 Force Lance              Conj/Tloc      #.......     100%        4    #####..
 Fulminant Prism          Conj/Hex       #.........   100%        4    #####..
 Ice Form                 Ice/Tmut       #.......     100%        4    #####..
 Iskenderun's Mystic Bla  Conj           #.......     100%        4    #####..
 Leda's Liquefaction      Hex/Erth       #.........   100%        4    #####..
 Olgreb's Toxic Radiance  Pois           #.......     100%        4    #####..
 Petrify                  Tmut/Erth      #.......     100%        4    #####..
 Sticky Flame             Conj/Fire      #.......     100%        4    #####..
 Summon Ice Beast         Ice/Summ       #.......     100%        4    #####..
 Summon Lightning Spire   Summ/Air       #.......     100%        4    #####..
 Throw Icicle             Conj/Ice       #.......     100%        4    #####..
 Blade Hands              Tmut           #.........   100%        5    ######.
 Bolt of Magma            Conj/Fire/Erth #.........   100%        5    ######.
 Borgnjor's Vile Clutch   Necr/Erth      #.........   100%        5    ######.
 Fireball                 Conj/Fire      #.........   100%        5    ######.
 Lee's Rapid Deconstruct  Erth           #.........   100%        5    ######.
 Lightning Bolt           Conj/Air       #.........   100%        5    ######.
 Metabolic Englaciation   Hex/Ice        #.........   100%        5    ######.
 Silence                  Hex/Air        #.........   100%        5    ######.
 Summon Forest            Summ/Tloc      #.........   100%        5    ######.
 Summon Mana Viper        Hex/Summ       #.......     100%        5    ######.
 Venom Bolt               Conj/Pois      #.........   100%        5    ######.
 Yara's Violent Unravell  Hex/Tmut       #.........   100%        5    ######.
 Bolt of Fire             Conj/Fire      #.........   100%        6    #######
 Conjure Ball Lightning   Conj/Air       #.........   100%        6    #######
 Darkness                 Hex            #.........   100%        6    #######
 Deflect Missiles         Chrm/Air       #.........   100%        6    #######
 Dispersal                Tloc           #.........   100%        6    #######
 Hydra Form               Tmut           #.........   100%        6    #######
 Iron Shot                Conj/Erth      #.........   100%        6    #######
 Shadow Creatures         Summ           N/A          100%        6    #######
 Statue Form              Tmut/Erth      #........    100%        6    #######
 Ring of Flames           Chrm/Fire      #.........   100%        7    #######
 Summon Hydra             Summ           #.........   100%        7    #######
 Controlled Blink         Tloc           N/A          100%        8    #######
 Disjunction              Tloc           #.........   100%        8    #######
 Ignition                 Fire           #.........   100%        8    #######
 Shatter                  Erth           #.........   100%        9    #######
 Tornado                  Air            #.........   100%        9    #######


Dungeon Overview and Level Annotations

Branches:
Dungeon (15/15)            Temple (1/1) D:7            Lair (6/6) D:8
  Swamp (4/4) Lair:3        Snake (4/4) Lair:3        Slime (0/5) Lair:5
    Orc (2/2) D:9             Elf (3/3) Orc:2        Vaults (5/5) D:13
  Crypt (0/3) Vaults:3     Depths (5/5) D:15            Zot (5/5) Depths:5
  Sewer (visited)

Altars:
Ashenzari
Cheibriados
Dithmenos
Elyvilon
Fedhas
Gozag
Hepliaklqana
Kikubaaqudgha
Makhleb
Nemelex Xobeh
Okawaru
Qazlal
Ru
Sif Muna
Trog
Uskayaw
Vehumet
Wu Jian
Xom
Yredelemnul
Zin
The Shining One
Beogh

Shops:
D:6 ?   D:8 :[   D:15 %   Orc:2 }[(?*   Elf:2 !(   Elf:3 [   Snake:1 [
Vaults:2 %   Vaults:5 :   Depths:1 =   Depths:5 (!

Portals:
Hell: Depths:1 Depths:2 Depths:3 Depths:4 Depths:5
Abyss: Depths:1 Depths:2 Depths:3 Depths:4 Depths:5
Pandemonium: Depths:3
Ziggurat: Depths:2

Annotations:
Snake:4 3 runed translucent doors, EtherCrawl's ghost, adept FoAK
Elf:2 3 runed translucent doors
Vaults:1 2 runed translucent doors, SlowGraham's ghost, legendary KoMo
Zot:5 1 exclusion


Innate Abilities, Weirdness & Mutations

You reflexively headbutt those who attack you in melee.
You have a pair of horns on your head.
You are partially covered in slimy green scales. (AC +2)
Armour fits poorly on your strangely shaped body.
You are very frail. (-20% HP)
Your magical capacity is low. (-10% MP)
Potions are less effective at restoring your health.


Message History

The ancient lich touches you but does no damage.
You closely miss the ancient lich. You headbutt the ancient lich.
You hit the ancient lich but do no damage.
You slash the hellion! You barely miss the ancient lich.
You block the hellion's attack. The ancient lich touches you.
* * * LOW HITPOINT WARNING * * *
The ancient lich casts a spell.
You hit the ancient lich. You completely miss the hellion.
You slash the ancient lich! You hit the ancient lich.
The Killer Klown disappears!
The ancient lich touches you but does no damage.
You block the hellion's attack. The ancient lich closely misses you.
All of the chunks of flesh in your inventory have rotted away.
You slash the ancient lich! You headbutt the ancient lich.
You slash the ancient lich! You hit the ancient lich. You slash the hellion!
The ancient lich closely misses you. You furiously retaliate!
You headbutt the ancient lich!
The ancient lich mumbles some strange words.
You hit the ancient lich but do no damage.
You headbutt the ancient lich, but do no damage.
You carve the cacodemon like a ham!!! You slash the ancient lich!
You hit the ancient lich. You block the ancient lich's attack.
The ancient lich touches you but does no damage. x2
You hit the ancient lich but do no damage.
You slash the ancient lich! You slash the green death!
Lightning courses through the green death!
You hit the ancient lich. You slash the cacodemon!
You block the ancient lich's attack.
The orb of fire pulls the alarm!
The alarm trap emits a blaring wail!
A sentinel's mark forms upon you. The ancient lich closely misses you.
You hear a roar!
You hear a deafening roar!
You hear a roar!
You hear a shout!
You hear a roar!
You hear a deafening roar!
You hear a roar!
You hear a shout! x4
You hear a roar! x4
You closely miss the ancient lich. You slash the cacodemon!
You slice the ancient lich!! You barely miss the green death.
You slash the ancient lich! You block the ancient lich's attack.
The ancient lich misses you. You block the green death's attack.
You block the cacodemon's attack. x2
You hit the ancient lich but do no damage.
You slash the ancient lich!
You hit the green death but do no damage.
Lightning courses through the green death!
You closely miss the shadow demon. You hit the hellion.
You hit the ancient lich but do no damage.
You barely miss the cacodemon. You block the ancient lich's attack.
The hellion hits you but does no damage.
The ancient lich casts a spell at you. The lance of force hits you!!!
You die...

**,,,,,,,,,,.D..........##
**,,...§...q.........▓##
**^^.........$...▓▓▓▓
▓▓.....##▓▓▓▓▓▓▓▓▓▓▓*
##..L..^.............***
##^....^......(...##,,,,**
##^.................##*,,,******
#............*L22....#**,,,,,,,,
#.^..........1L@^..^^# **,,,,,,,
#.....1.......2L2....# *,,,,,,,
#......§....^........# **,,,,,,
#..............^.....# *,,,,,,
#.............^..(...# **,,,,,,
##.X.......^........## *,,,,,qd
##$$..............## **,,,,,d.
##.............^## *,,,,,,..
################ *******#.


You could see an orb of fire, 3 ancient liches, a Brimstone Fiend, a cacodemon,
a green death, a shadow demon and a hellion.

Vanquished Creatures
  Mara (Vaults:5)
  2 orbs of fire
  A juggernaut (Depths:5)
  Sojobo (Vaults:5)
  4 curse toes
  Jory (Depths:5)
  Nikola (Depths:1)
  12 golden dragons
  A bone dragon (Depths:5)
  2 electric golems
  Jorgrun (Snake:1)
  The ghost of abarbat the Executioner, an adept MiBe of Trog (Vaults:3)
  14 tentacled monstrosities
  A titan (Vaults:5)
  8 quicksilver dragons
  2 deep elf master archers (Elf:3)
  Asterion (Depths:1)
  20 Orb Guardians (Zot:5)
  2 deep elf blademasters (Elf:3)
  5 liches
  6 death cobs
  5 shadow dragons
  2 sphinxes
  4 thorn hunters
  9 draconian monks
  13 storm dragons
  11 tengu reavers
  Kirke (Snake:2)
  Donald (Swamp:3)
  6 nagarajas (Snake:4)
  7 frost giants
  10 draconian knights
  5 deep elf sorcerers
  Louise (Snake:1)
  10 fire giants
  14 vault wardens
  6 draconian scorchers
  5 draconian shifters
  2 orc warlords
  13 draconian annihilators
  7 draconian stormcallers
  A caustic shrike skeleton (Depths:2)
  8 deep elf elementalists
  17 stone giants
  21 very ugly things
  9 deep elf demonologists
  15 ironheart preservers
  A spriggan defender (Depths:4)
  16 green draconians
  2 entropy weavers
  3 vampire knights
  A dire elephant (Lair:4)
  15 white draconians
  7 yellow draconians
  8 deep elf annihilators
  13 red draconians
  11 spark wasps (Depths:2)
  15 black draconians
  15 purple draconians
  5 deep elf death magi
  A merfolk javelineer (Depths:5)
  13 ettins
  A crystal guardian (Vaults:2)
  Josephine (D:15)
  Snorg (D:13)
  27 ogre magi
  12 fire dragons
  Erolcha (D:11)
  16 yaktaur captains
  2 rakshasas
  9 great orbs of eyes
  30 hydras
  Harold (D:11)
  10 naga warriors
  30 vault guards
  3 deep elf high priests
  10 ice dragons
  An ice dragon (shapeshifter) (Vaults:3)
  13 anacondas
  2 catoblepae
  3 death knights
  3 shambling mangroves
  17 alligators
  57 two-headed ogres
  15 centaur warriors
  Erica (D:8)
  3 spriggan air magi
  16 dancing weapons
  A queen ant (Lair:2)
  9 deep troll shamans
  3 death yaks (Lair:6)
  4 deep troll earth magi
  11 naga sharpshooters
  10 tengu warriors
  5 shock serpents
  2 vampire magi
  6 hell knights
  Sonja (Orc:1)
  Nergalle (D:11)
  5 spriggan berserkers
  6 iron trolls
  16 deep elf knights
  2 orc high priests
  The ghost of markt42 the Cleaver, a novice GrFi of Okawaru (D:8)
  3 sea snakes (Snake:2)
  A fire crab (shapeshifter) (Vaults:2)
  3 salamander mystics
  2 shadow wraiths
  2 skeletal warriors (D:15)
  3 flayed ghosts
  2 deep trolls (shapeshifter)
  A golden dragon skeleton (Depths:2)
  A spriggan druid (Swamp:2)
  20 deep trolls
  5 unseen horrors
  11 naga ritualists
  18 wizards
  14 swamp dragons
  10 deep elf archers
  A glowing orange brain (Depths:3)
  12 ironbrand convokers
  27 orc knights
  6 phantasmal warriors
  2 fire giant zombies
  4 large abominations (Depths:4)
  5 necromancers
  10 salamanders
  63 ugly things
  3 frost giant zombies
  3 wolf spiders
  6 orc sorcerers
  54 deep elf magi
  6 mana vipers
  20 moths of wrath
  4 cyclopes
  A manticore (shapeshifter) (Vaults:5)
  A manticore (D:11)
  A centaur zombie (D:11)
  23 elephants
  A guardian serpent (shapeshifter) (Vaults:2)
  34 black mambas
  9 spiny frogs
  3 guardian serpents
  2 yaktaur zombies
  5 torpor snails
  32 naga magi
  18 vault sentinels
  5 kobold demonologists
  An efreet (D:13)
  A komodo dragon (shapeshifter) (Depths:2)
  A yaktaur (shapeshifter) (Vaults:1)
  5 komodo dragons
  73 yaktaurs
  4 tengu conjurers
  2 rime drakes
  7 freezing wraiths
  2 meliai (shapeshifter)
  2 queen bees (shapeshifter)
  11 trolls
  12 tyrant leeches
  10 polar bears (Lair:6)
  A blink frog (shapeshifter) (Depths:5)
  12 hornets
  9 small abominations
  A deep troll zombie (D:15)
  2 dream sheep (shapeshifter)
  21 blink frogs
  A frost giant simulacrum (Vaults:2)
  2 bog bodies
  An ettin zombie (Depths:1)
  22 slime creatures
  13 hippogriffs
  A deep troll skeleton (Depths:1)
  A spriggan skeleton (Depths:2)
  2 air elementals
  A redback (shapeshifter) (Vaults:5)
  A spriggan (shapeshifter) (Depths:2)
  2 redbacks (Vaults:3)
  10 spriggans
  A wyvern (shapeshifter) (Depths:1)
  2 shadows
  A yak (shapeshifter) (Vaults:5)
  A vampire (D:13)
  8 water elementals
  A tarantella (shapeshifter) (Depths:2)
  7 wraiths
  7 basilisks
  3 wyverns
  59 yaks
  2 hungry ghosts
  A basilisk (shapeshifter) (Vaults:3)
  A tarantella (Vaults:3)
  2 fire elementals
  4 hogs (Snake:2)
  A steam dragon (D:8)
  A vampire mosquito (Swamp:1)
  An elf skeleton (Depths:1)
  12 insubstantial wisps
  49 nagas
  6 soldier ants
  20 swamp worms
  11 wargs
  17 hell hounds (Lair:6)
  10 porcupines
  12 water moccasins
  17 swamp drakes
  57 orc warriors
  12 black bears
  3 ice beasts
  2 sky beasts
  5 phantoms
  22 boggarts
  A deep troll simulacrum (Depths:1)
  19 wolves
  15 centaurs
  44 ogres
  A necrophage (D:7)
  An elf zombie (Vaults:2)
  17 crocodiles
  20 bullfrogs
  5 big kobolds
  A wyvern zombie (D:13)
  2 earth elementals
  6 scorpions
  A water moccasin skeleton (D:8)
  3 troll zombies (D:9)
  4 killer bees
  13 wights
  8 crimson imps
  A quasit (D:10)
  2 wyvern simulacra (D:12)
  8 jellies
  10 hounds
  A bullfrog skeleton (D:9)
  6 centaur skeletons
  31 orc priests
  5 iguanas
  An iron imp (Depths:1)
  16 worker ants
  37 orc wizards
  A killer bee zombie (D:7)
  5 ogre zombies (D:9)
  A hound skeleton (D:9)
  Robin (D:2)
  6 gnolls
  11 adders
  2 shadow imps
  2 oozes
  An adder skeleton (D:7)
  5 worms
  4 dart slugs
  6 leopard geckos
  125 orcs
  A ball python (D:1)
  4 giant cockroaches
  7 hobgoblins
  15 jackals
  38 kobolds
  7 quokkas
  8 bats
  4 frilled lizards
  21 goblins
  2 goblin zombies (D:9)
  2 hobgoblin skeletons (D:9)
  5 orc skeletons (D:9)
  16 orc zombies (D:9)
  11 rats
  2 briar patches (Swamp:4)
  2 crawling corpses (Elf:3)
  7 fungi (Lair:4)
  10 plants
2444 creatures vanquished.

Vanquished Creatures (others)
  A shadow dragon (Depths:5)
  A deep elf sorcerer (Vaults:5)
  A draconian knight (Zot:5)
  A stone giant (Vaults:5)
  A fire dragon (Depths:5)
  A two-headed ogre (Vaults:5)
  A phantasmal warrior (Vaults:4)
  An ugly thing (Vaults:2)
  2 salamanders
  2 deep elf magi
  A black mamba (Snake:4)
  A hornet (Swamp:1)
  A vampire mosquito (Swamp:1)
  A porcupine (Lair:5)
  An orc (Orc:1)
  4 briar patches (Swamp:4)
  6 fungi
  12 plants
39 creatures vanquished.

Grand Total: 2483 creatures vanquished

Notes
Turn   | Place    | Note
-------+----------+-------------------------------------------
     0 | D:1      | DavidChitty2 the Minotaur Fighter began the quest for the
                  | Orb.
     0 | D:1      | Reached XP level 1. HP: 19/19 MP: 0/0
    68 | D:1      | Reached XP level 2. HP: 19/27 MP: 1/1
   383 | D:1      | Reached XP level 3. HP: 30/33 MP: 2/2
  1090 | D:2      | Found a shattered altar of Ashenzari.
  1096 | D:2      | Reached XP level 4. HP: 33/40 MP: 3/3
  1938 | D:3      | Noticed Robin
  1942 | D:2      | Killed Robin
  2079 | D:2      | Reached XP level 5. HP: 23/47 MP: 4/4
  2490 | D:3      | Found an ornate altar of the Wu Jian Council.
  2517 | D:3      | Reached skill level 5 in Axes
  2600 | D:3      | Reached XP level 6. HP: 41/55 MP: 5/5
  2888 | D:3      | You fall into a shaft and drop 1 floor!
  2893 | D:4      | Reached skill level 5 in Armour
  2893 | D:4      | Reached skill level 5 in Shields
  2905 | D:4      | Reached skill level 5 in Fighting
  3580 | D:4      | Reached XP level 7. HP: 50/61 MP: 6/6
  3693 | D:4      | Found a radiant altar of Vehumet.
  3898 | D:5      | Entered Level 5 of the Dungeon
  4091 | D:5      | Found a glowing drain.
  4095 | Sewer    | Entered a sewer
  4775 | D:5      | Got a steaming chain mail
  4785 | D:5      | Identified the +1 chain mail "Unnuos" {rElec Int-5 Slay+2}
                  | (You found it on level 5 of the Dungeon)
  4945 | D:6      | Lost intelligence.
  5115 | D:6      | Reached XP level 8. HP: 70/70 MP: 7/7
  5323 | D:6      | Found Ycoil's Magic Scroll Emporium.
  5398 | D:6      | Found a shimmering blue altar of Sif Muna.
  5469 | D:6      | Got a bone great sword
  6101 | D:7      | Reached XP level 9. HP: 74/79 MP: 8/8
  6149 | D:7      | Found a shadowy altar of Dithmenos.
  6180 | D:7      | Found a staircase to the Ecumenical Temple.
  6209 | Temple   | Entered the Ecumenical Temple
  6559 | D:7      | Found a glowing silver altar of Zin.
  6630 | D:7      | Found a burning altar of Makhleb.
  6631 | D:7      | Found a shadowy altar of Dithmenos.
  6631 | D:7      | Found a hide-covered altar of Uskayaw.
  6632 | D:7      | Found a white marble altar of Elyvilon.
  6658 | D:7      | Found an opulent altar of Gozag.
  6702 | D:7      | Reached skill level 10 in Axes
  7217 | D:8      | Found a transporter.
  7217 | D:8      | Found a transporter.
  7217 | D:8      | Noticed markt42's ghost (novice GrFi)
  7269 | D:8      | Noticed Erica
  7285 | D:8      | Killed Erica
  7352 | D:8      | Found Yquc's Antique Armour Shop.
  7441 | D:8      | Noticed a two-headed ogre
  7453 | D:8      | Killed a two-headed ogre
  7453 | D:8      | Reached XP level 10. HP: 72/90 MP: 9/9
  7502 | D:8      | Found a staircase to the Lair.
  7502 | D:8      | Noticed an elephant
  7524 | D:8      | Killed an elephant
  7699 | D:8      | Noticed a two-headed ogre
  7711 | D:8      | Killed a two-headed ogre
  7839 | D:8      | Found Eloi's Book Shoppe.
  7854 | D:8      | You fall into a shaft and drop 2 floors!
  7854 | D:10     | Entered Level 10 of the Dungeon
  8011 | D:9      | Found a glowing golden altar of the Shining One.
  8332 | D:8      | Found a shimmering altar of Xom.
  8332 | D:8      | Found a shimmering altar of Xom.
  8333 | D:8      | Found a shimmering altar of Xom.
  8685 | D:9      | Found a staircase to the Orcish Mines.
  8787 | D:9      | Reached XP level 11. HP: 84/99 MP: 10/10
  8865 | D:9      | Found a snail-covered altar of Cheibriados.
  8891 | D:9      | Reached skill level 10 in Armour
  9037 | D:9      | Found an iron altar of Okawaru.
  9038 | D:9      | Found a bloodstained altar of Trog.
  9044 | D:9      | Reached skill level 10 in Shields
  9050 | D:9      | Became a worshipper of Warmaster Okawaru
  9671 | D:11     | Reached skill level 10 in Fighting
  9730 | D:11     | Killed an unseen horror
  9730 | D:11     | Reached * piety under Okawaru
  9730 | D:11     | Reached skill level 1 in Invocations
 10019 | D:11     | Noticed Nergalle
 10071 | D:11     | Noticed a six-headed hydra
 10083 | D:11     | Killed Nergalle
 10083 | D:11     | Reached ** piety under Okawaru
 10095 | D:11     | Killed a seven-headed hydra
 10346 | D:11     | Noticed Harold
 10361 | D:11     | Killed Harold
 10420 | D:11     | Noticed a purple ugly thing
 10437 | D:11     | Killed a purple ugly thing
 10437 | D:11     | Reached *** piety under Okawaru
 10476 | D:11     | Noticed Erolcha
 10495 | D:11     | Killed Erolcha
 10888 | D:12     | Reached XP level 12. HP: 59/108 MP: 13/13
 11172 | D:12     | Reached **** piety under Okawaru
 11220 | D:12     | Noticed a centaur warrior
 11268 | D:12     | Killed a centaur warrior
 11947 | D:12     | Got a bloodstained plate armour
 11947 | D:12     | Got a heavy robe
 12168 | D:6      | Bought a scroll of acquirement for 572 gold pieces
 12169 | D:6      | Got a steaming hunting sling
 12263 | Lair:1   | Entered Level 1 of the Lair of Beasts
 12280 | Lair:1   | Reached ***** piety under Okawaru
 12314 | Lair:1   | Reached skill level 15 in Axes
 12415 | Lair:1   | Received a gift from Okawaru
 12585 | D:8      | Bought a pair of glowing boots for 157 gold pieces
 12585 | D:8      | Identified the +3 plate armour of Responsibility {+Inv rC+}
                  | (You found it on level 12 of the Dungeon)
 12753 | Lair:1   | Reached skill level 5 in Invocations
 13354 | Lair:2   | Noticed a five-headed hydra
 13367 | Lair:2   | Killed a five-headed hydra
 13525 | Lair:2   | Reached XP level 13. HP: 70/117 MP: 16/16
 14015 | Lair:2   | Received a gift from Okawaru
 14016 | Lair:2   | Got a faintly glowing broad axe {god gift}
 14017 | Lair:2   | Identified the +10 broad axe "Gila" {pain, Int-2 Dex+7}
                  | (Okawaru gifted it to you on level 2 of the Lair of Beasts)
 14935 | Lair:3   | Found a staircase to the Snake Pit.
 15037 | Lair:3   | Found a staircase to the Swamp.
 15628 | Lair:4   | Noticed a dire elephant
 15654 | Lair:4   | Killed a dire elephant
 15654 | Lair:4   | Received a gift from Okawaru
 15956 | Lair:4   | Reached XP level 14. HP: 110/127 MP: 18/18
 16452 | Lair:4   | Got a fine great mace
 16650 | Lair:5   | Received a gift from Okawaru
 16808 | Lair:5   | Found a staircase to the Slime Pits.
 17597 | Lair:6   | Entered Level 6 of the Lair of Beasts
 18199 | Lair:6   | Reached ****** piety under Okawaru
 19114 | D:13     | Got an ichor-stained flail
 19179 | D:13     | Identified the +11 flail of Jiliwoer {crush, +Rage Dex+8
                  | SInv Stlth-} (You found it on level 13 of the Dungeon)
 19195 | D:13     | Received a gift from Okawaru
 19228 | D:13     | Received a gift from Okawaru
 19229 | D:13     | Found the +27 Lear's hauberk
 19245 | D:13     | Reached XP level 15. HP: 55/138 MP: 20/20
 19338 | D:13     | Noticed Snorg
 19347 | D:13     | Killed Snorg
 19393 | D:13     | Found the +12 glaive of Prune {chop}
 19614 | D:13     | Found a gate to the Vaults.
 19860 | D:14     | Found a shadowy altar of Dithmenos.
 20566 | D:15     | Entered Level 15 of the Dungeon
 20664 | D:15     | Reached skill level 1 in Dodging
 20755 | D:15     | Reached skill level 1 in Evocations
 20777 | D:15     | Received a gift from Okawaru
 20788 | D:15     | Reached skill level 15 in Fighting
 20915 | D:15     | Found Xich's Food Shoppe.
 20918 | D:15     | Found a staircase to the Depths.
 20927 | D:15     | Noticed Josephine
 20935 | D:15     | Killed Josephine
 21550 | Orc:1    | Entered Level 1 of the Orcish Mines
 21550 | Orc:1    | Noticed Sonja
 21569 | Orc:1    | Reached skill level 15 in Shields
 21576 | Orc:1    | Killed Sonja
 21782 | Orc:2    | Entered Level 2 of the Orcish Mines
 22003 | Orc:2    | Found a staircase to the Elven Halls.
 22022 | Orc:2    | Reached skill level 15 in Armour
 22170 | Orc:2    | Noticed an orc warlord
 22196 | Orc:2    | Killed an orc warlord
 22245 | Orc:2    | Found Cubb's Antique Armour Boutique.
 22266 | Orc:2    | Found Ibrisk's Antique Weapon Shop.
 22267 | Orc:2    | Found a roughly hewn altar of Beogh.
 22331 | Orc:2    | Found Ulanuv's General Store.
 22480 | Orc:2    | Found a roughly hewn altar of Beogh.
 22510 | Orc:2    | Found a roughly hewn altar of Beogh.
 22548 | Orc:2    | Found a roughly hewn altar of Beogh.
 22562 | Orc:2    | Found Docusonk's Gadget Shop.
 22653 | Orc:2    | Found a roughly hewn altar of Beogh.
 22657 | Orc:2    | Found Zudergh's Magic Scroll Shoppe.
 22663 | Orc:2    | Received a gift from Okawaru
 22663 | Orc:2    | Reached XP level 16. HP: 150/150 MP: 21/21
 22726 | Orc:2    | Found a roughly hewn altar of Beogh.
 23136 | Orc:2    | Bought a runed cloak for 202 gold pieces
 23206 | Orc:2    | Bought a scroll of acquirement for 780 gold pieces
 23362 | Swamp:1  | Entered Level 1 of the Swamp
 23817 | Swamp:1  | Reached skill level 5 in Dodging
 24500 | Swamp:2  | Received a gift from Okawaru
 25321 | Swamp:3  | Reached skill level 5 in Evocations
 25414 | Swamp:3  | Noticed Donald
 25427 | Swamp:3  | Killed Donald
 25471 | Swamp:3  | Noticed a thorn hunter
 25490 | Swamp:3  | Killed a thorn hunter
 26055 | Swamp:4  | Entered Level 4 of the Swamp
 26260 | Swamp:4  | Found an ancient bone altar of Kikubaaqudgha.
 26407 | Swamp:4  | Noticed a thorn hunter
 26433 | Swamp:4  | Killed a thorn hunter
 26460 | Swamp:4  | Reached XP level 17. HP: 119/161 MP: 22/22
 26473 | Swamp:4  | Received a gift from Okawaru
 26934 | Swamp:4  | Got a decaying rune of Zot
 27233 | Snake:1  | Entered Level 1 of the Snake Pit
 27701 | Snake:1  | Found Lideifem's Antique Armour Emporium.
 27728 | Snake:1  | Bought an embroidered scarf for 248 gold pieces
 27728 | Snake:1  | Bought a pair of ancient gloves for 294 gold pieces
 27746 | Snake:1  | Identified the +2 pair of gloves of Mieh {Str+5} (You
                  | bought it in a shop on level 1 of the Snake Pit)
 27746 | Snake:1  | Noticed Louise
 27762 | Snake:1  | Killed Louise
 27921 | Snake:1  | Noticed Jorgrun
 27936 | Snake:1  | Killed Jorgrun
 28452 | Snake:2  | Received a gift from Okawaru
 29019 | Snake:2  | Received a gift from Okawaru
 29031 | Snake:2  | Identified the Guide on Creation and the Mountains
 29135 | Snake:2  | Noticed Kirke
 29153 | Snake:2  | Killed Kirke
 29292 | Snake:3  | Reached XP level 18. HP: 173/173 MP: 23/23
 29930 | Snake:3  | Identified the Tome of the Thoughtful Demons
 30476 | Snake:4  | Entered Level 4 of the Snake Pit
 30540 | Snake:4  | Received a gift from Okawaru
 30804 | Snake:4  | Got a twisted arbalest {god gift}
 31032 | Snake:4  | Found a runed translucent gate.
 31032 | Snake:4  | Found a runed translucent gate.
 31033 | Snake:4  | Found a runed translucent gate.
 31034 | Snake:4  | Noticed EtherCrawl's ghost (adept FoAK)
 31379 | Snake:4  | Reached skill level 10 in Dodging
 31387 | Snake:4  | Received a gift from Okawaru
 31686 | Snake:4  | Got a serpentine rune of Zot
 32251 | Vaults:1 | Entered Level 1 of the Vaults
 32883 | Vaults:1 | Received a gift from Okawaru
 33142 | Vaults:1 | Reached XP level 19. HP: 183/183 MP: 25/25
 33527 | Vaults:1 | Found a large runed translucent door.
 33527 | Vaults:1 | Found a large runed translucent door.
 33527 | Vaults:1 | Noticed SlowGraham's ghost (legendary KoMo)
 33821 | Vaults:2 | Received a gift from Okawaru
 33822 | Vaults:2 | Got a twisted hand axe {god gift}
 34382 | Vaults:2 | Reached skill level 10 in Evocations
 34664 | Vaults:2 | Received a gift from Okawaru
 34842 | Vaults:2 | Found Adealif's Food Boutique.
 35588 | Vaults:3 | Received a gift from Okawaru
 35589 | Vaults:3 | Got a fine broad axe {god gift}
 35596 | Vaults:3 | Reached XP level 20. HP: 155/195 MP: 20/26
 35722 | Vaults:3 | Found a staircase to the Crypt.
 35722 | Vaults:3 | Found an ancient bone altar of Kikubaaqudgha.
 35723 | Vaults:3 | Found a basalt altar of Yredelemnul.
 35735 | Vaults:3 | Identified the +1 broad axe of Turmoil {holy, *Corrode rF-
                  | Str+6 Int+9} (Okawaru gifted it to you on level 3 of the
                  | Vaults)
 36731 | Vaults:3 | Received a gift from Okawaru
 36768 | Vaults:3 | Got a scorched hat {god gift}
 36769 | Vaults:3 | Identified the +0 hat "Ipsosejoze" {+Inv rPois rC++ Int-3}
                  | (Okawaru gifted it to you on level 3 of the Vaults)
 37036 | Vaults:3 | Found a runed translucent gate.
 37036 | Vaults:3 | Found a runed translucent gate.
 37036 | Vaults:3 | Found a runed translucent gate.
 37038 | Vaults:3 | Noticed abarbat's ghost (adept MiBe)
 37118 | Vaults:3 | Killed abarbat's ghost
 37143 | Vaults:3 | Got a jewelled hat
 37149 | Vaults:3 | Identified the +1 hat of Midsummer {rN+ MR- Slay+5} (You
                  | found it on level 3 of the Vaults)
 37541 | Vaults:4 | Found a ruined gateway.
 38058 | D:8      | Bought a manual of Fighting for 1324 gold pieces
 38623 | Vaults:4 | Received a gift from Okawaru
 39326 | Elf:1    | Entered Level 1 of the Elven Halls
 39490 | Elf:1    | Reached XP level 21. HP: 186/207 MP: 23/27
 40265 | D:8      | Bought a pair of runed boots for 157 gold pieces
 40312 | D:8      | Killed markt42's ghost
 40960 | Elf:2    | Found Imyejo Cacei's Antique Weapon Shoppe.
 41135 | Elf:2    | Found Ypnuesch's Distillery.
 41148 | Elf:2    | Got a jewelled long sword
 41201 | Elf:2    | Found a runed translucent gate.
 41203 | Elf:2    | Found a runed translucent gate.
 41204 | Elf:2    | Found a runed translucent gate.
 41342 | Elf:3    | Entered Level 3 of the Elven Halls
 41445 | Elf:3    | Found a roughly hewn altar of Beogh.
 41577 | Elf:3    | Received a gift from Okawaru
 41578 | Elf:3    | Got a bronze chain mail {god gift}
 41710 | Elf:3    | Found Soirette's Armour Shoppe.
 41820 | Elf:3    | Found a radiant altar of Vehumet.
 42741 | Elf:3    | Identified the +7 scimitar "Pekhisipp" {vamp, Int+2}
 42741 | Elf:3    | Identified the ring "Vun Neaz" {rC+ MR+ SInv}
 43375 | Elf:3    | Identified the Papyrus of Curses and the Escort
 43391 | Elf:3    | Got a pair of transparent gloves
 43402 | Elf:3    | Identified the +2 pair of gloves "Madoistromo" {Int+7} (You
                  | found it on level 3 of the Elven Halls)
 43452 | Elf:3    | Got an encrusted hand axe
 43458 | Elf:3    | Got a shimmering hand crossbow
 43459 | Elf:3    | Identified the cursed +1 hand crossbow of War {penet, rC+
                  | Int+3} (You found it on level 3 of the Elven Halls)
 43477 | Elf:3    | Got a dazzling longbow
 43547 | Elf:3    | Identified the Compendium of the Robin
 43556 | Elf:3    | Got a faintly glowing scale mail
 44049 | Depths:1 | Entered Level 1 of the Depths
 44049 | Depths:1 | Found Ameiczoth's Jewellery Shop.
 44087 | Depths:1 | Noticed Asterion
 44089 | Depths:1 | Noticed Nikola
 44106 | Depths:1 | Killed Nikola
 44107 | Depths:1 | Killed Asterion
 44107 | Depths:1 | Received a gift from Okawaru
 44432 | Depths:1 | Found a glowing golden altar of the Shining One.
 44714 | Depths:1 | Found a gateway to Hell.
 44810 | Depths:1 | Reached XP level 22. HP: 222/222 MP: 28/28
 45081 | Depths:1 | Found a one-way gate to the infinite horrors of the Abyss.
 45917 | Depths:2 | Found a gateway to a ziggurat.
 46142 | Depths:2 | Received a gift from Okawaru
 46144 | Depths:2 | Got a pair of warped boots {god gift}
 46171 | Depths:2 | Identified the +0 pair of boots "Savug" {rElec} (Okawaru
                  | gifted it to you on level 2 of the Depths)
 46927 | Depths:2 | Noticed a golden dragon
 46938 | Depths:2 | Killed a golden dragon
 47036 | Depths:2 | Found a snail-covered altar of Cheibriados.
 47697 | Depths:3 | Received a gift from Okawaru
 47714 | Depths:3 | Found a one-way gate leading to the halls of Pandemonium.
 47886 | Depths:3 | Reached XP level 23. HP: 216/234 MP: 29/29
 48680 | Depths:4 | Received a gift from Okawaru
 49449 | Depths:5 | Entered Level 5 of the Depths
 49449 | Depths:5 | Found Qasmomp's Weapon Shoppe.
 49450 | Depths:5 | Noticed a juggernaut
 49471 | Depths:5 | Killed a juggernaut
 49471 | Depths:5 | Received a gift from Okawaru
 49472 | Depths:5 | Got a transparent cloak {god gift}
 49473 | Depths:5 | Identified the +0 cloak "Jegianol" {MR++ rCorr} (Okawaru
                  | gifted it to you on level 5 of the Depths)
 49577 | Depths:5 | Noticed Jory
 50374 | Depths:5 | Killed Jory
 50390 | Depths:5 | Received a gift from Okawaru
 50519 | Depths:5 | Got a pitted ring mail {god gift}
 50859 | Depths:5 | Reached XP level 24. HP: 209/245 MP: 25/29
 50863 | Depths:5 | Found a gate to the Realm of Zot.
 51037 | Depths:5 | Found Ruonuis's Distillery.
 51056 | Depths:5 | Bought a potion of resistance for 160 gold pieces
 51056 | Depths:5 | Bought a potion of heal wounds for 80 gold pieces
 51056 | Depths:5 | Bought a potion of experience for 800 gold pieces
 51056 | Depths:5 | Bought a potion of heal wounds for 80 gold pieces
 51056 | Depths:5 | Reached XP level 25. HP: 253/253 MP: 29/29
 51362 | Vaults:5 | Entered Level 5 of the Vaults
 51682 | Vaults:5 | Noticed Mara
 51687 | Vaults:5 | Noticed DavidChitty2's illusion
 51716 | Vaults:5 | Killed Mara
 51736 | Vaults:5 | Identified the ring "Lacat" {MP+9 SInv Stlth+}
 51749 | Vaults:4 | Received a gift from Okawaru
 51759 | Vaults:4 | Got a spiked large shield {god gift}
 51760 | Vaults:4 | Identified the +0 large shield of Responsibility {rC+ rN+}
                  | (Okawaru gifted it to you on level 4 of the Vaults)
 52263 | Vaults:5 | Noticed Sojobo
 52293 | Vaults:5 | Killed Sojobo
 52426 | Vaults:5 | Reached skill level 27 in Fighting
 52789 | Vaults:5 | Identified Sif Muna's Collected Works on Earthen
                  | Transformation
 52834 | Vaults:5 | Got a silver rune of Zot
 52969 | Vaults:5 | Got a brightly glowing ring mail
 53466 | Vaults:5 | Found Sakes's Book Shoppe.
 53564 | Vaults:5 | Identified the Incunabulum of the Creative Frostbite
 53582 | Vaults:5 | Got a heavily runed silver ring
 53583 | Vaults:5 | Identified the ring "Tuilaps" {Fire +Inv rElec} (You found
                  | it on level 5 of the Vaults)
 54764 | Zot:1    | Entered Level 1 of the Realm of Zot
 54903 | Zot:1    | Reached XP level 26. HP: 235/266 MP: 26/29
 55204 | Zot:1    | Received a gift from Okawaru
 55206 | Zot:1    | Got a pair of slimy boots {god gift}
 55212 | Zot:1    | Identified the +0 pair of boots of Eternity {Slay+4}
                  | (Okawaru gifted it to you on level 1 of the Realm of Zot)
 56233 | Zot:2    | Reached skill level 27 in Armour
 56804 | Zot:2    | Got a pair of ancient boots
 56805 | Zot:2    | Identified the cursed +0 pair of boots "Demiapez" {rN+ MR+
                  | Regen+} (You found it on level 2 of the Realm of Zot)
 57010 | Zot:2    | Received a gift from Okawaru
 57011 | Zot:2    | Got a pitted hat {god gift}
 57016 | Zot:2    | Identified the +0 hat of Altruism {rCorr Int+4} (Okawaru
                  | gifted it to you on level 2 of the Realm of Zot)
 57145 | Zot:3    | Got an encrusted spear
 57196 | Zot:3    | Noticed an orb of fire
 57211 | Zot:3    | Gained mutation: You tend to lose your temper in combat.
                  | [an orb of fire]
 57215 | Zot:3    | Gained mutation: You often lose your temper in combat. [an
                  | orb of fire]
 57217 | Zot:3    | Gained mutation: You are partially covered in iridescent
                  | scales. (AC +2) [an orb of fire]
 57223 | Zot:3    | Killed an orb of fire
 57340 | Zot:3    | Reached skill level 15 in Dodging
 58716 | Zot:3    | Received a gift from Okawaru
 58718 | Zot:3    | Reached XP level 27. HP: 270/270 MP: 28/29
 59263 | Zot:4    | Lost mutation: You often lose your temper in combat.
                  | [potion of mutation]
 59263 | Zot:4    | Lost mutation: You are partially covered in iridescent
                  | scales. (AC +2) [potion of mutation]
 59263 | Zot:4    | Lost mutation: You tend to lose your temper in combat.
                  | [potion of mutation]
 59263 | Zot:4    | Gained mutation: You are frail. (-10% HP) [potion of
                  | mutation]
 59263 | Zot:4    | Gained mutation: You are partially covered in slimy green
                  | scales. (AC +2) [potion of mutation]
 60424 | Zot:5    | Entered Level 5 of the Realm of Zot
 61003 | Zot:5    | Noticed an ancient lich
 61003 | Zot:5    | Noticed an ancient lich
 61003 | Zot:5    | Noticed an orb of fire
 61003 | Zot:5    | Noticed an orb of fire
 61005 | Zot:5    | Noticed an ancient lich
 61005 | Zot:5    | Gained mutation: Potions are less effective at restoring
                  | your health. [an orb of fire]
 61009 | Zot:5    | Gained mutation: Armour fits poorly on your strangely
                  | shaped body. [an orb of fire]
 61012 | Zot:5    | Received a gift from Okawaru
 61013 | Zot:5    | Gained mutation: You are very frail. (-20% HP) [an orb of
                  | fire]
 61016 | Zot:5    | Gained mutation: Your magical capacity is low. (-10% MP)
                  | [an orb of fire]
 61018 | Zot:5    | Killed an orb of fire
 61349 | Zot:5    | Killed from afar by an ancient lich

Levels and vault maps discovered:
D:1:      tarquinn_simple_flora_water_b, layout_basic, minmay_cupped
D:2:      layout_loops_ring, lemuel_doored_altar, serial_park_tiny_1
D:3:      layout_loops_ring, overflow_temple_1_default, first_ration, uniq_robin
D:4:      layout_gridville, marbit_many_paths
D:5:      layout_gridville, gup_sewer_entry_spiral, st_stairs_11
D:6:      layout_loops_cross, kennysheep_mini_moat, serial_shops, shop,
          st_stairs_13
D:7:      layout_loops_ring, kennysheep_mini, lemuel_round_altar,
          chequers_temple_overflow_statue_of_worship,
          minmay_temple_entry_overgrown, basic_altar, minmay_misc_feat_square,
          the_bakery
D:8:      layout_loops_ring, david_lair_generic, gammafunk_ghost_arena,
          serial_shops, nicolae_shop_stone, shop, hangedman_decor_riveting,
          xom_redecorated, uniq_erica
D:9:      layout_rooms, grunt_temple_overflow_bloody_war, lemuel_crystal_altar,
          zombieorc2_lemuel, cheibriados_altar_1
D:10:     layout_cave_pods
D:11:     layout_rooms, uniq_nergalle, uniq_erolcha, uniq_harold
D:12:     minmay_the_grid_triangle_9x9_rhombus_thin
          [minmay_the_grid_triangle_9x9_corrupted_corridor,
          minmay_the_grid_triangle_9x9_prize_top_heavy,
          minmay_the_grid_triangle_9x9_alien,
          minmay_the_grid_triangle_9x9_semitri], layout_stronghold, st_stairs_7
D:13:     layout_loops_cross, david_vaults_1, minmay_guarded_unrand_prune,
          uniq_snorg
D:14:     layout_irregular_city, chequers_serial_rivers_micro_e,
          grunt_dithmenos_smoke
D:15:     gammafunk_depths_entry_grave, layout_grid_maze, serial_shops,
          nicolae_shop_statue_plus, uniq_josephine
Temple:   jpeg_temple_island
Lair:1:   layout_chaotic_city
Lair:2:   layout_long_grid, wad_woods_antlair, grunt_megastairs_5
Lair:3:   layout_hall_layers, minmay_swamp_entry_wisps,
          guppyfry_snake_entry_garden, grunt_megastairs_1
Lair:4:   mu_elephants_graveyard, layout_small_grid, serial_bayou_pond_a,
          serial_bayou_pond_e, worms_lemuel
Lair:5:   layout_cave_pods, nicolae_slime_entry_slimehenge
Lair:6:   hangedman_lair_caniforms_friends, layout_cave_shapes,
          kennysheep_basilisk_garden
Swamp:1:  layout_basic_swamp, nicolae_swamp_feature_on_the_river_bank
Swamp:2:  layout_basic_swamp, evilmike_swamp_ruin_house_6, st_swamp_ruins_4
Swamp:3:  layout_falls_marsh, evilmike_swamp_ruin_rubble_1, uniq_donald
Swamp:4:  swamp, layout_basic_swamp, swamp_pool1, lemuel_altar_in_water
Snake:1:  layout_cave_shapes, serial_shops, shop, st_stairs_10,
          serial_bayou_shore_b, grunt_megastairs_2, uniq_louise, uniq_jorgrun
Snake:2:  nicolae_sea_snake_s, layout_rooms, uniq_kirke
Snake:3:  layout_layer_cave
Snake:4:  snake_pit, layout_cave_town, ebering_ghost_rock_garden
Orc:1:    layout_diamond_mine, nicolae_orc_lava_room, uniq_sonja
Orc:2:    grunt_orc_community_town_hall, layout_diamond_mine,
          grunt_orc_community_big_house_1, grunt_orc_community_big_house_2,
          grunt_orc_community_house_1, grunt_orc_community_house_1,
          grunt_orc_community_house_2, grunt_orc_community_house_3,
          grunt_orc_community_house_2, serial_shops, shop,
          nicolae_orc_crystal_geode
Elf:1:    elf_arrival_002, layout_gridlike, minmay_elf_crystal_hexagon,
          roderic_lattice_octagonal_star
Elf:2:    layout_gridlike, serial_shops, nicolae_shop_overgrown_old_shop, shop,
          minivault_27
Elf:3:    elf_hall, layout_rooms, special_room [special_room_orc], serial_shops,
          nicolae_shop_stone, basic_altar
Vaults:1: advil_vaults_ghost_guards, hangedman_vaults_stagger,
          hangedman_vaults_stitches, v_misc_22, v_pattern_3, vaults_room_pools,
          hangedman_vaults_snaps, hangedman_vaults_capsules, vaults_dpeg_cross,
          v_alt_pattern_4, ontoclasm_vaults_decontamination,
          nicolae_vaults_alarming, layout_vaults_big_room
Vaults:2: ontoclasm_vaults_spin, v_alt_pattern_5, nicolae_vaults_network_s,
          hangedman_vaults_unwind, v_rooms_1, ontoclasm_vaults_shout, v_misc_29,
          nicolae_vaults_little_ls, layout_vaults_maze_snakey, serial_shops,
          shop
Vaults:3: gammafunk_vaults_ghost_tricky_traps, vaults_room_stairs_pillars,
          vaults_standard_mumra_x, v_misc_32, minmay_crypt_entry_necro_gods,
          vaults_dpeg_encased_lava, hangedman_vaults_locks,
          ontoclasm_vaults_bender, nicolae_vaults_three_branches,
          nicolae_vaults_little_squares_1, hangedman_vaults_river_flow,
          dpeg_vaults_monster_box, layout_vaults_ring
Vaults:4: vaults_standard_mumra_lines, v_rooms_4, vaults_room_semicircle,
          vaults_room_pools, grunt_vaults_swirl, v_pattern_5,
          vaults_room_door_ring, hangedman_vaults_trim, layout_vaults_quadrants,
          portal_desolation_entry_ruin
Vaults:5: uniq_sojobo, uniq_mara
Depths:1: layout_gridlike, serial_sigils, serial_sigils_hangedman_gut,
          serial_sigils_hangedman_scratch, serial_sigils_hangedman_gut,
          serial_sigils_hangedman_etch, serial_sigils_hangedman_writhe,
          minmay_misc_feat_room, serial_shops, nicolae_shop_trees,
          grunt_hell_entry_dis_mu, abyss_entry_small_statue_room,
          tso_metal_star, uniq_asterion, uniq_nikola
Depths:2: pf_snail_temple, layout_gridlike, enter_ziggurat_b, hell_entry,
          minmay_fountain_box, abyss_entry, infiniplex_staircase_door_maze
Depths:3: minmay_tri_stars, layout_basic, pf_dread_powers_of_hell, pan_entry,
          minmay_stone_trees_large, abyss_entry
Depths:4: minmay_haunted_quarter, layout_small_grid, minmay_room_of_horrors,
          hell_entry, chequers_serial_rivers_micro_a,
          infiniplex_staircase_9_rooms
Depths:5: grunt_zot_entry_gee_three, layout_cave_pools, hangedman_decor_points,
          abyss_entry, hell_entry, serial_shops, nicolae_shop_waterfront,
          shop_statue, kennysheep_random_hallway, uniq_jory
Zot:1:    kennysheep_spiral_hall, layout_misc_corridors, lemuel_lich_library
Zot:2:    layout_gridlike
Zot:3:    kennysheep_blocky_hall, layout_cathedral_of_symmetry,
          st_single_dragon_hoard_1, guppyfry_library_mini
Zot:4:    layout_cathedral_of_symmetry
Zot:5:    layout_misc_corridors

Skill      XL: |  1  2  3  4  5  6  7  8  9 10 11 12 13 14 15 16 17 18 19 20 21 22 23 24 25 26 27 |
---------------+----------------------------------------------------------------------------------+-----
Axes           | 3 4 5 6 7 9 11 12 14 15 16 18 | 18.0
Armour         | 4 5 6 7 8 9 10 11 12 14 15 16 17 19 20 21 22 23 26 27 | 27.0
Fighting       | 4 5 6 7 8 9 10 11 12 14 15 17 18 19 20 22 24 25 27 | 27.0
Shields        | 4 5 6 7 8 9 10 11 12 14 15 16 17 19 20 21 23 25 | 25.0
Invocations    | 3 5 7 8 |  8.0
Dodging        | 4 6 8 10 11 17 22 | 22.1
Evocations     | 3 5 7 9 10 | 10.0

Action                   |  1- 3 |  4- 6 |  7- 9 | 10-12 | 13-15 | 16-18 | 19-21 | 22-24 | 25-27 || total
-------------------------+-------+-------+-------+-------+-------+-------+-------+-------+-------++-------
Melee: War axe           |    94 |   187 |   332 |   800 |    73 |       |       |       |       ||  1486
       Headbutt          |    12 |    28 |    55 |   176 |   278 |   312 |   321 |   248 |   411 ||  1841
       Whip              |       |       |       |    21 |    57 |       |       |       |       ||    78
       Broad axe         |       |       |       |       |   930 |  1113 |  1302 |   923 |  1319 ||  5587
       Flail             |       |       |       |       |     7 |    86 |       |       |       ||    93
Invok: Heroism           |       |       |       |     7 |    11 |     8 |     8 |     3 |     2 ||    39
       Finesse           |       |       |       |     1 |     4 |     5 |     5 |     2 |     2 ||    19
 Abil: Evoke Invisibilit |       |       |       |       |     2 |       |     2 |       |     1 ||     5
Evoke: Wand              |       |       |       |     2 |       |     2 |     5 |       |       ||     9
  Use: Potion            |       |     2 |       |     1 |     1 |     3 |     5 |     2 |    12 ||    26
       Scroll            |       |    12 |     7 |     8 |     9 |     5 |     8 |     3 |    23 ||    75
 Stab: Petrifying        |       |       |       |       |     1 |       |       |       |       ||     1
       Invisible         |       |       |       |       |    17 |       |    15 |       |       ||    32
       Confused          |       |       |       |       |       |     3 |       |       |       ||     3
  Eat: Chunk             |     1 |     8 |    13 |    23 |    27 |    18 |    22 |    17 |     3 ||   132
       Ration            |       |       |       |       |     1 |     5 |     5 |     1 |    12 ||    24
Armor: Scale mail        |    40 |       |       |       |       |       |       |       |       ||    40
       Chain mail        |     5 |   109 |    15 |       |       |       |       |       |       ||   129
       Plate armour      |       |       |   160 |   371 |   374 |   462 |   255 |   237 |   118 ||  1977
       Fire dragon scale |       |       |       |       |       |       |       |     1 |       ||     1
       Skin              |       |       |       |       |       |       |       |     1 |       ||     1
       Gold dragon scale |       |       |       |       |       |       |       |       |   393 ||   393
Dodge: Dodged            |    26 |    53 |    54 |   112 |   157 |   284 |   179 |   194 |   403 ||  1462
Block: Shield            |    61 |   115 |   182 |       |       |       |       |       |       ||   358
       Large shield      |       |       |    22 |   790 |   951 |  1285 |  1052 |   873 |  1275 ||  6248
